Cogmind - Beta 11.1 @@@ ROGUE MODE // 2022.09.16 @ 11:46:18 Player: ClassActJerk Result: Destroyed by D-53 Grenadier with Mini Grenade Launcher Performance ------------- Evolutions (0) 0 Regions Visited (2) 400 Robots Destroyed (7) 35 Value Destroyed (241) 241 Prototype IDs (0) 0 Alien Tech Used (0) 0 Bonus (-15) -15 TOTAL SCORE: 661 Bonus ------- Follower Combat Kills 60 Friendly Fire -75 Cogmind --------- Core Integrity 0/250 Matter 208/300 Energy 90/100 System Corruption 6% Temperature Cool (0) Movement Core (400) Ox7 Location -10/Mines Parts ------- > --- POWER (1) -------- (None) > --- PROPULSION (2) --- (None) > --- UTILITY (2) ------ Improved Heat Sink Large Storage Unit > --- WEAPON (2) ------- Beam Cannon > --- INVENTORY (15) --- Aluminum Leg Aluminum Leg Aluminum Leg Aluminum Leg Aluminum Leg Large Matter Pod (150) Signal Interpreter Small Laser Peak State ------------ > --- POWER ------------ Ion Engine > --- PROPULSION ------- Aluminum Leg Aluminum Leg > --- UTILITY ---------- Improved Heat Sink Large Storage Unit > --- WEAPON ----------- Beam Cannon Rocket Launcher > --- INVENTORY -------- Aluminum Leg Aluminum Leg Aluminum Leg Aluminum Leg Large Matter Pod Signal Interpreter Small Laser Beam Cannon Beam Cannon Assault Rifle [Rating: 11] Favorites ----------- Power Ion Engine Engine Ion Engine Propulsion Aluminum Leg Leg Aluminum Leg Utility Large Storage Unit Device Heat Sink Storage Large Storage Unit Weapon Light Assault Rifle Energy Cannon Beam Cannon Ballistic Gun Light Assault Rifle Launcher Rocket Launcher Build | -11 -10 -10 ------- Run | Scr Mat Min Slots Evolved . | . . . Power . | . . . Propulsion . | . . . Utility . | . . . Weapon . | . . . Parts Attached 16 | 1 9 6 Power 2 | . 1 1 Engine 2 | . 1 1 Core . | . . . Reactor . | . . . Propulsion 3 | 1 2 . Treads . | . . . Leg 3 | 1 2 . Wheel . | . . . Hover . | . . . Flight . | . . . Utility 4 | . 3 1 Device 2 | . 1 1 Storage 2 | . 2 . Processor . | . . . Hackware . | . . . Protection . | . . . Artifact . | . . . Weapon 7 | . 3 4 Energy Gun . | . . . Energy Cannon 3 | . 1 2 Ballistic Gun 3 | . 2 1 Ballistic Cannon . | . . . Launcher 1 | . . 1 Special Weapon . | . . . Impact Weapon . | . . . Slashing Weapon . | . . . Piercing Weapon . | . . . Special Melee Weapon . | . . . Unidentified Prototypes . | . . . Parts Lost 8 | . . 8 Power 2 | . . 2 Propulsion 2 | . . 2 Utility . | . . . Weapon 4 | . . 4 Highest Loss Streak 8 | . . 8 To Critical Strikes . | . . . Average Slot Usage (%) 97 | . 97 96 Engine 13 | . 13 13 Leg 27 | . 27 26 Device 7 | . 4 14 Storage 20 | . 22 14 Energy Cannon 7 | . 4 13 Ballistic Gun 17 | . 23 4 Launcher 2 | . . 9 Naked Turns . | . . . Heaviest Build 33 | . 31 33 Greatest Support 20 | 10 20 20 Greatest Overweight (x) 1 | . 1 1 Average Overweight (x) . | . . 1 Largest Inventory Capacity 15 | 5 15 15 Average Capacity 14 | 5 14 15 Most Carried 12 | 5 10 12 Average Carried 6 | 4 4 10 Final Capacity 15 | 5 15 15 Final Carried 9 | 5 9 8 Class Distribution -------------------- 100% | Mutant Dominant Class ---------------- Mutant | -10/Materials Mutant | -10/Mines Resources | -11 -10 -10 ----------- Run | Scr Mat Min Matter Collected 508 | 184 268 56 Remotely . | . . . Salvage Created 309 | . 215 94 Parts 16 | . 8 8 Haulers Intercepted . | . . . Recyclers Shooed . | . . . Parts Field Recycled . | . . . Retrieved Matter . | . . . Parts Self-Destructed . | . . . Prevented . | . . . Kills | -11 -10 -10 ------- Run | Scr Mat Min Combat Hostiles Destroyed 17 | . 5 12 Guns 2 | . 2 . Cannons 5 | . 3 2 AOE 10 | . . 10 Classes Destroyed 4 | . 1 3 Builder 1 | . . 1 Grunt 5 | . 5 . Demolisher 1 | . . 1 Assembled 11 | . . 11 Best Kill Streak 13 | . 2 13 Combat Bots Only 12 | . 2 12 Max Kills in Single Turn 6 | . 1 6 Gunslinging . | . . . Exploded 5 | . . 5 Melee . | . . . Uniques/NPCs Destroyed . | . . . Combat | -11 -10 -10 -------- Run | Scr Mat Min Damage Taken 1112 | . 184 928 Core 250 | . 38 212 Absorbed by Shields . | . . . Core Remaining (%) 100 | 100 . . Volleys Fired 25 | . 13 12 Largest 2 | . 2 2 Hottest 93 | . 80 93 Shots Fired 48 | . 26 22 Gun 21 | . 18 3 Cannon 20 | . 8 12 Launcher 7 | . . 7 Special . | . . . Kinetic 21 | . 18 3 Thermal 20 | . 8 12 Explosive 7 | . . 7 Electromagnetic . | . . . Robot Hit Streak 8 | . 8 5 Robot Miss Streak 7 | . 1 7 Penetration Max . | . . . Secondary Targets 1 | . 1 . Max Gunslinging Chain 1 | . 1 . Shots Hit Robots 25 | . 16 9 Core Hits 37 | . 10 27 Critical Kills . | . . . Critical Parts Destroyed . | . . . Critical Strikes . | . . . Melee Attacks . | . . . Impact . | . . . Slashing . | . . . Piercing . | . . . Sneak Attacks . | . . . Combat Hostiles . | . . . Follow-up Attacks . | . . . Damage Inflicted 1051 | . 183 868 Guns 95 | . 95 . Cannons 212 | . 88 124 Explosions 744 | . . 744 Melee . | . . . Ramming . | . . . Kinetic 95 | . 95 . Thermal 212 | . 88 124 Explosive 744 | . . 744 Electromagnetic . | . . . Impact . | . . . Slashing . | . . . Piercing . | . . . Highest Corruption 6 | . 2 6 Average Corruption 2 | . 2 2 Corruption Purged . | . . . Corruption Blocked . | . . . Effects 5 | . . 5 Message Errors 1 | . . 1 Matter Fused 2 | . . 2 Heat Flow Errors 1 | . . 1 Energy Discharges 1 | . . 1 Overload Shots . | . . . Overflow Damage 1 | . . 1 Projectiles . | . . . Explosions 1 | . . 1 Melee . | . . . Knockbacks . | . . . Impact . | . . . Kinetic . | . . . Secondary . | . . . Self-Inflicted Damage 89 | . . 89 Shots 2 | . . 2 Rammed . | . . . Targets Rammed . | . . . Kicked . | . . . Crushed . | . . . Highest Temperature 224 | . 37 224 Average Temperature 36 | . 15 76 Received Heat Transfer 138 | . 102 36 Siege Activations . | . . . Robots Corrupted . | . . . Combat Hostiles . | . . . Parts Fried . | . . . Impact Corruptions . | . . . Robots Melted . | . . . Combat Hostiles . | . . . Parts Melted 1 | . 1 . Heat Transferred 444 | . 185 259 Parts Sabotaged . | . . . Parts Stolen . | . . . Parts Stripped . | . . . Power Chain Reactions . | . . . Missiles Intercepted . | . . . Alert | -11 -10 -10 ------- Run | Scr Mat Min Peak Influence 172 | . 160 172 Initial 17 | . . 17 Average 48 | . 44 67 Maximum Alert Level . | . . . Low Security (%) 100 | 100 100 100 Level 1 . | . . . Level 2 . | . . . Level 3 . | . . . Level 4 . | . . . Level 5 . | . . . High Security . | . . . Max Security . | . . . Squads Dispatched 2 | . 2 . Investigation . | . . . Extermination . | . . . Reinforcement 2 | . 2 . Assault . | . . . Garrison . | . . . Intercept . | . . . Searches Triggered . | . . . Construction Impeded . | . . . Haulers Reinforced . | . . . Active Scanning Responses . | . . . Cargo Convoy Interrupts . | . . . Stealth | -11 -10 -10 --------- Run | Scr Mat Min Distress Signals 1 | . 1 . Communications Jammed . | . . . Distress Signals . | . . . Times Spotted 32 | . 11 21 Peak Tracking Total 13 | . 3 13 Tactical Retreats . | . . . Traps | -11 -10 -10 ------- Run | Scr Mat Min Traps Triggered 1 | . 1 . Indirectly . | . . . Trap Hack Attempts . | . . . Triggered . | . . . Disarmed . | . . . Reprogrammed . | . . . Reused . | . . . Traps Extracted . | . . . Installed . | . . . Triggered . | . . . Machines | -11 -10 -10 ---------- Run | Scr Mat Min Machines Disabled 1 | . 1 . Max in Single Turn 1 | . 1 . Machines Sabotaged . | . . . Garrisons Compromised . | . . . Overloaded Fab Kills . | . . . Hacking | -11 -10 -10 --------- Run | Scr Mat Min Machines Accessed 1 | . 1 . Terminals 1 | . 1 . Fabricators . | . . . Repair Stations . | . . . Recycling Units . | . . . Scanalyzers . | . . . Garrison Access . | . . . Total Hacks 1 | . 1 . Successful 1 | . 1 . Failed . | . . . Catastrophic . | . . . Database Lockouts . | . . . Manual . | . . . Terminals 1 | . 1 . Fabricators . | . . . Repair Stations . | . . . Recycling Units . | . . . Scanalyzers . | . . . Garrison Access . | . . . Terminal Hacks 1 | . 1 . Alert Level 1 | . 1 . Fabricator Hacks . | . . . Repair Station Hacks . | . . . Recycling Unit Hacks . | . . . Scanalyzer . | . . . Garrison Access Hacks . | . . . Unauthorized Hacks . | . . . Terminals . | . . . Fabricators . | . . . Repair Stations . | . . . Recycling Units . | . . . Scanalyzers . | . . . Garrison Access . | . . . Data Cores Recovered . | . . . Used . | . . . Hacking Detections . | . . . Full Trace Events . | . . . Feedback Events . | . . . Feedback Blocked . | . . . Robot Schematics Acquired . | . . . Robots Built . | . . . Authchips . | . . . Time . | . . . Total Robot Build Rating . | . . . Part Schematics Acquired . | . . . Parts Built . | . . . Authchips . | . . . Time . | . . . Total Part Build Rating . | . . . Parts Repaired . | . . . Time . | . . . Parts Recycled . | . . . Recycled Matter . | . . . Retrieved Matter . | . . . Retrieved Components . | . . . Parts Scanalyzed . | . . . Part Schematics Acquired . | . . . Parts Damaged . | . . . Bothacking | -11 -10 -10 ------------ Run | Scr Mat Min Used RIF Installer . | . . . Robots Hacked . | . . . Non-combat . | . . . Combat . | . . . Robot Hacks Applied . | . . . Relay Couplers Released . | . . . Fabnet Peak Effective % . | . . . Robots Rewired . | . . . Allies Hacked . | . . . Hacks Repelled . | . . . Allies | -11 -10 -10 -------- Run | Scr Mat Min Total Allies 1 | . . 1 Largest Group 1 | . . 1 Highest-Rated Group 31 | . . 31 Highest-Rated Ally 31 | . . 31 Total Orders . | . . . Ally Attacks 16 | . . 16 Total Damage 252 | . . 252 Kills 7 | . . 7 Allies Corrupted . | . . . Allies Melted . | . . . Intel | -11 -10 -10 ------- Run | Scr Mat Min Robot Analysis Total . | . . . Derelict Logs Recovered 1 | . . 1 Drone Launches . | . . . Drone Recoveries . | . . . Exploration | -11 -10 -10 ------------- Run | Scr Mat Min Turns Passed 709 | 39 469 201 Spaces Moved 335 | 36 217 82 Core 14 | 14 . . Treads . | . . . Legs 321 | 22 217 82 Wheels . | . . . Hover . | . . . Flight . | . . . Fastest Speed 50 | 50 120 190 Average Speed 178 | 92 188 190 Slowest Speed 190 | 120 190 190 Overloaded Moves . | . . . Propulsion Burnouts . | . . . Robots Hopped . | . . . Cave-ins Triggered . | . . . Exploration Rate (%) 18 | 3 23 30 Regions Visited 2 Branch Regions 1 Pre-discovered Areas . | . . . Known Exits Taken . | . . . Unknown Exits Taken 2 | 1 1 . Scrap Searched . | . . . Spaces Dug . | . . . Terrain Destroyed 46 | . . 46 Melee . | . . . Projectile . | . . . AOE 46 | . . 46 Terrain Rammed . | . . . Walls Destroyed . | . . . Machines Disabled . | . . . Actions | -11 -10 -10 --------- Run | Scr Mat Min Total 402 | 41 254 107 Wait 3 | . 3 . Move 333 | 35 216 82 Hop . | . . . Pick Up 21 | 5 11 5 Fast Attach 2 | 1 1 . Attach 12 | . 6 6 Detach . | . . . Swap 2 | . 2 . Drop 4 | . 2 2 Fire 25 | . 13 12 Melee . | . . . Ram . | . . . Kick . | . . . Crush . | . . . Escape Stasis . | . . . Rewire . | . . . Trap . | . . . Miscellaneous . | . . . Route ------- -11/Scrapyard -10/Materials -10/Mines History --------- Turn | Location | Event 17 | -11/Scrapyard | Discovered new exit (range 15) 40 | -11/Scrapyard | Entered Materials 307 | -10/Materials | Build established: Mutant 477 | -10/Materials | Discovered new exit (range 16) 509 | -10/Materials | Entered Mines 512 | -10/Mines | Received a Mining Laser from a helpful Derelict 549 | -10/Mines | Received a Rocket Launcher from a helpful Derelict 667 | -10/Mines | Assembled infested the area 672 | -10/Mines | Assisted by a Guerilla fighting off Assembled 695 | -10/Mines | Core integrity fell below 50% 701 | -10/Mines | Core integrity fell below 20% 710 | -10/Mines | Destroyed by D-53 Grenadier with Mini Grenade Launcher Last Messages --------------- 00690_ as-00554 destroyed. 00691_ U-05 Engineer lays Concrete. 00692_ C-30 ARC bursts open, deploying its payload. 00692_ D-53 Grenadier unfolds itself. 00692_ K-01 Serf collects debris. 00692_ U-05 Engineer lays Concrete. 00692_ K-01 Serf destroyed. 00693_ U-05 Engineer builds a Wall. 00694_ as-88888 destroyed. 00694_ Rocket Launcher destroyed. 00694_ XE-TYP(g) destroyed. 00697_ U-05 Engineer lays Concrete. 00698_ U-05 Engineer builds a Wall. 00698_ U-05 Engineer destroyed. 00700_ Beam Cannon destroyed. 00702_ Ion Engine destroyed. 00702_ D-53 Grenadier destroyed. 00702_ Aluminum Leg destroyed. 00709_ The unstable cave ceiling collapses. 00710_ Assault Rifle destroyed. Map ----- +----------------------------------------------------+ | ?????# """ ## ########### ### #???????????? | | ?????# """ ## ##????????????????? | | ?????# """ ## ############ ##?????????????????? | | ?????# % % ## ##????????####??????????????????? | | ?????#### ## ####???????#???????????????????? | | ????????# ##?????# ???????????????????? | | ???????## ##????# ???????????????????? | | ?????### ##???# ???????????????????? | | ????## #??## #??????????????????? | | ????# ? #??????????????????? | | ????# ### #???????##?????????? | | ????# ##?# ##### #?????## #?????????? | | ????## #??###???# #????# #?????????? | | ?????## #????????# ##??# #?????????? | | ??????## ##??????## ### #??????????? | | ???????### ######## #???????????? | | ?????????## #????????????? | | ??????????## # ##????????????? | | ???????????# #############r ##?????????????? | | ???????????# #??????????## #??????????????? | | ??????????? #???????#### ##??????????????? | | ??????????#####?????### #####???????????????? | | ????????????????????# # ##??????????????????? | | ???????????????????## #??????????????????? | | ???????????????????# ## = ????????? | | ???????????????????# @ =%% ????????? | | ??????????????????# d] ????????? | | ??????????????????# ????????? | | ??????????????????## # ?????????? | | ???????????????????#; # ## ######?????????? | | ??????????????????# #???##??????????????? | | ?????????????????# #???????????????????? | | ?????????????????# % % #???????????????????? | | ???????????????? % ##???????????????????? | | ??????????????? % ##????????????????????? | | ?????????????? % #?????????????????????? | | ?????????????? ####?????????????????????? | | ???????????????? #?????????????????????????? | | ??????????????????% ??????????????????????????? | | ????????????????????? #??????????????????????????? | | ?????????????????????????????????????????????????? | | ?????????????????????????????????????????????????? | | ?????????????????????????????????????????????????? | | ?????????????????????????????????????????????????? | | ?????????????????????????????????????????????????? | | ?????????????????????????????????????????????????? | | ?????????????????????????????????????????????????? | | | | | | | +----------------------------------------------------+ Best States ------------- Heat Dissipation 39 Energy Generation 10 Energy Capacity 250 Matter Stores 368 Matter Capacity 450 Sight Range 16 Terrain Scan Density 10 Evasion (%) 55 Item Schematics ----------------- None Robot Schematics ------------------ None Fabricated ------------ Nothing Alien Tech Used ----------------- None Achievements -------------- Quick And Dirty Challenges ------------ None Game ------ Seed ShrapnelXenonTearclaws Manual? 0 Play Time 00:09:21 Cumulative 3.5 hours Start 2022.09.16 @ 11:36:37 End 2022.09.16 @ 11:46:18 Sessions 1 Manual Loads 0 Difficulty Rogue Special Mode None Game No. 16 Rogue 16 Adventurer 0 Explorer 0 Win Type - Total 0 Types 0/0/0/0/0/0/0/0/0 Lore% 4 Gallery% 6 Achievement% 7 Wizard Run 0 Options --------- ASCII 0 Keyboard 0 Movement Mouse Keybinds 0 Fullscreen 1 Font 24/Crisp Map View 76x50 Tactical HUD 1 Map Filters NONE Filters NONE Steam 1 RUN: 89ca9c33-6fc6-4b4c-adf0-11c71052a2d1